 Dungeon Crawl Stone Soup version 0.28-a0-1356-g2ad6d04315 (webtiles) character file.

Game seed: 13307043848184651145

51 SensoryNuts the Shield-Bearer (level 3, 0/24 HPs)
             Began as a Gargoyle Fighter on Dec 30, 2021.
             Slain by an orc priest (2 damage)
             ... on level 3 of the Dungeon.
             The game lasted 00:03:18 (2166 turns).

SensoryNuts the Shield-Bearer (Gargoyle Fighter)    Turns: 2166, Time: 00:03:18

Health: 0/24       AC: 13    Str: 21    XL:     3   Next: 81%
Magic:  3/3        EV:  9    Int:  8    God:
Gold:   91         SH:  0    Dex:  9    Spells: 2/2 levels left

rFire   . . .      SeeInvis .   a - +1 flail (freeze)
rCold   . . .      Faith    .   l - orb {mayhem}
rNeg    + + .      Spirit   .   b - +0 scale mail
rPois   ∞          Reflect  .   o - +2 helmet
rElec   +          Harm     .   (no cloak)
rCorr   .          Rampage  .   (no gloves)
Will    .....                   (no boots)
Stlth   ..........              (no amulet)
HPRegen 0.08/turn               n - ring of positive energy
MPRegen 0.08/turn               (no ring)

@: mighty
A: sickness immunity, AC +3, negative energy resistance 1, electricity
resistance, torment resistance 1, petrification resistance
a: no special abilities


You were on level 3 of the Dungeon.
You visited 1 branch of the dungeon, and saw 3 of its levels.

You collected 91 gold pieces.

Inventory:

Hand Weapons
 a - a +1 flail of freezing (weapon)
Missiles
 h - 2 throwing nets (quivered)
Armour
 b - a +0 scale mail (worn)
 c - a +0 buckler
 l - an orb of mayhem (worn)
 o - a +2 helmet (worn)
Jewellery
 n - a ring of positive energy (left hand)
Potions
 e - a potion of curing {unknown}
 i - 3 potions of ambrosia {unknown}
 j - 3 potions of brilliance {unknown}


   Skills:
 + Level 3.6 Fighting
 + Level 3.0 Maces & Flails
 + Level 3.6 Armour
 + Level 0.4 Dodging
 + Level 0.1 Stealth
 + Level 3.6 Shields


You had 2 spell levels left.
You didn't know any spells.
Your spell library contained the following spells:

 Spells                   Type           Power      Damage    Failure   Level
 Animate Skeleton         Necr           0%         N/A       75%         1
 Pain                     Necr           0%         1d4       75%         1
 Vampiric Draining        Necr           0%         2d6       98%         3
 Iskenderun's Battlesphe  Conj           0%         2d6       100%        5
 Iron Shot                Conj/Erth      0%         9d1       100%        6
 Spellforged Servitor     Conj/Summ      0%         N/A       100%        7


Dungeon Overview and Level Annotations

Branches:
Dungeon (3/15)

Altars:


Innate Abilities, Weirdness & Mutations

You are immune to sickness and miasma.
Your stone body is resilient. (AC +3)
You are immune to poison.
You resist negative energy. (rN+)
You are resistant to electric shocks. (rElec)
You are resistant to unholy torment.
You are immune to petrification.


Message History

The orc closely misses the orc priest.
Things that are here:
a +0 club; an orc corpse You closely miss the orc priest.
Something hits the orc.
The orc is poisoned.
The orc hits the orc priest but does no damage.
The orc priest hits you but does no damage.
The orc barely misses the orc priest.
Something barely misses the orc.
You closely miss the orc priest.
The orc priest hits you but does no damage.
The orc misses the orc priest.
Something hits the orc.
The orc dies!
The orc priest barely misses you.
You hit the orc priest. You freeze the orc priest.
The orc priest is lightly wounded.
The orc priest barely misses you.
You closely miss the orc priest.
The orc priest is lightly wounded.
The orc priest hits you but does no damage.
You closely miss the orc priest.
The orc priest is lightly wounded.
The orc priest calls down the wrath of Beogh upon you.
You barely resist.
The orc priest invokes the aid of Beogh against you.
Beogh smites you!
Ouch! That really hurt!
You hit the orc priest but do no damage.
The orc priest is lightly wounded.
The orc priest hits you with a +0 falchion.
* * * LOW HITPOINT WARNING * * *
Unknown command.
You feel very mighty all of a sudden.
The orc priest hits you but does no damage.
You barely miss the orc priest.
The orc priest is lightly wounded.
The orc priest hits you with a +0 falchion.
* * * LOW HITPOINT WARNING * * *
You sock the orc priest! You freeze the orc priest.
The orc priest is almost dead.
The orc priest hits you with a +0 falchion.
You die...

# .# ..#
########)..#
#.....@o...#
#.#######..#
#.#.....# #
#.......#
#####...#
#...#..#
#...#..#
#...#..#
#...#..#


You could see an orc priest.

Vanquished Creatures
  2 dart slugs
  An orc (D:3)
  2 bats
  5 endoplasms
  A giant cockroach (D:1)
  6 goblins
  3 hobgoblins
  3 jackals (D:2)
  2 quokkas
  3 ball pythons (D:1)
  5 frilled lizards
  4 kobolds
  2 rats (D:1)
39 creatures vanquished.

Vanquished Creatures (collateral kills)
  An orc (D:3)
  A kobold (D:2)
2 creatures vanquished.

Vanquished Creatures (others)
  An orc (D:3)
1 creature vanquished.

Grand Total: 42 creatures vanquished

Notes
Turn   | Place    | Note
-------+----------+-------------------------------------------
     0 | D:1      | SensoryNuts the Gargoyle Fighter began the quest for the
                  | Orb.
     0 | D:1      | Reached XP level 1. HP: 14/14 MP: 1/1
   157 | D:1      | Reached XP level 2. HP: 19/19 MP: 2/2
   787 | D:1      | Reached XP level 3. HP: 20/23 MP: 3/3
  2166 | D:3      | Slain by an orc priest

Illustrated notes

Levels and vault maps discovered:
D:1:      scummos_arrival_checkerplants, layout_loops_cross
D:2:      layout_basic
D:3:      layout_basic, elyvilon_altar_5, serial_shops, nicolae_square_shop,
          hangedman_decor_push

Skill      XL: |  1  2  3 |
---------------+----------+-----
Maces & Flails | 3 |  3.0
Fighting       | |  3.6
Armour         | |  3.6
Dodging        | |  0.4
Stealth        | |  0.1
Shields        | |  3.6

Action                   || total
-------------------------++-------
Melee: Flail             ||   130
  Use: Scroll            ||     9
       Potion            ||     2
Armor: Scale mail        ||    84
Dodge: Dodged            ||    70
Block: Buckler           ||    15

Table legend: (Time is in decaauts)
 A = Elapsed time spent in this place.
 B = Non-inter-level travel time spent in this place.
 C = Inter-level travel time spent in this place.
 D = Time resting spent in this place.
 E = Time spent auto-exploring this place.
 F = Levels seen in this place.
 G = Mean time per level.
                   A        B        C        D        E       F      G
               +--------+--------+--------+--------+--------+-----+--------+
         Total |   2204 |   2164 |     40 |      0 |   1816 |   3 |  734.7 |
       Dungeon |   2204 |   2164 |     40 |      0 |   1816 |   3 |  734.7 |
               +--------+--------+--------+--------+--------+-----+--------+

Top non-repeatable levels by time:
     D:2: 1057 daAuts
     D:1: 1044 daAuts
     D:3: 103 daAuts
